 Dungeon Crawl Stone Soup version 0.25-a0-578-gc91f01c39c (webtiles) character file.

Game seed: 1533310814679472989, levelgen mode: deterministic

3953 Flugslaktarn the Cleaver (level 10, -6/92 HPs)
             Began as a Deep Dwarf Fighter on Mar 5, 2020.
             Was an Initiate of Makhleb.
             Mangled by a two-headed ogre
             ... wielding a +0 giant club
              (10 damage)
             ... on level 9 of the Dungeon.
             The game lasted 00:03:18 (4177 turns).

Flugslaktarn the Cleaver (Deep Dwarf Fighter)       Turns: 4177, Time: 00:03:19

Health: -6/92      AC: 16    Str: 22    XL:     10   Next: 2%
Magic:  1/1        EV:  5    Int: 10    God:    Makhleb [......]
Gold:   346        SH: 11    Dex: 12    Spells: 9/9 levels left

rFire    . . .     SeeInvis .   a - +0 war axe
rCold    . . .     Gourm    .   c - +0 kite shield
rNeg     . . .     Faith    .   i - +0 plate armour
rPois    +         Spirit   .   (no helmet)
rElec    .         Reflect  .   (no cloak)
rCorr    .         Harm     .   y - +0 pair of gloves (curse)
MR       +....                  b - +0 pair of boots
Stlth    ..........             k - amulet of the acrobat
HPRegen  0.00/turn              o - ring of poison resistance
MPRegen  0.07/turn              (no ring)

@: mighty, non-regenerating, lightly drained
A: damage resistance, heal wounds, sense surroundings 2, no regeneration
a: Heal Wounds, Renounce Religion


You were on level 9 of the Dungeon.
You worshipped Makhleb.
Makhleb was noncommittal.
You were not hungry.

You visited 2 branches of the dungeon, and saw 10 of its levels.
You also visited: Sewer.

You collected 346 gold pieces.

Inventory:

Hand Weapons
 a - a +0 war axe (weapon)
Armour
 b - a +0 pair of boots (worn)
   (You found it on level 9 of the Dungeon)
 c - a +0 kite shield (worn)
 i - a +0 plate armour (worn)
   (You took it off an orc warrior on level 7 of the Dungeon)
 y - a cursed +0 pair of gloves (worn)
   (You found it on level 7 of the Dungeon)
Jewellery
 k - an amulet of the acrobat (around neck)
   (You found it on level 2 of the Dungeon)
 o - a ring of poison resistance (left hand)
   (You found it on level 2 of the Dungeon)
Wands
 n - a wand of acid (5)
   (You found it on level 4 of the Dungeon)
Scrolls
 h - a scroll of fear {unknown}
 l - 2 scrolls of noise {unknown}
 m - a scroll of holy word {unknown}
 p - 3 scrolls of blinking {unknown}
 r - 6 scrolls of identify
 t - 4 scrolls of teleportation
 u - a scroll of immolation {unknown}
 v - a scroll of remove curse {unknown}
 x - 3 scrolls of enchant armour {unknown}
Potions
 f - a potion of degeneration {unknown}
 g - 2 potions of brilliance
 q - 2 potions of curing
 s - a potion of flight
Comestibles
 e - 14 rations


   Skills:
 + Level 6.4(6.3) Fighting
 * Level 10.0(9.9) Axes
 + Level 7.6(7.5) Armour
 + Level 7.6(7.5) Shields
 + Level 3.9(3.8) Invocations


You had 9 spell levels left.
You didn't know any spells.
Your spell library was empty.

Dungeon Overview and Level Annotations

Branches:
Dungeon (9/15)             Temple (1/1) D:7           Sewer (visited)
   Lair: D:8-11         Orc: D:9-12

Altars:
Ashenzari
Cheibriados
Dithmenos
Elyvilon
Fedhas
Gozag
Kikubaaqudgha
Makhleb
Nemelex Xobeh
Qazlal
Ru
Sif Muna
Uskayaw
Vehumet
Wu Jian
Yredelemnul
Zin
The Shining One


Innate Abilities, Weirdness & Mutations

You are resistant to damage.
You can heal yourself by infusing magical energy.
You passively map the area around you.
You do not regenerate.


Message History

You slash the wight!
You destroy the wight!
Makhleb accepts your kill.
The two-headed ogre hits you with a +0 giant club!!
* * * LOW HITPOINT WARNING * * *
You block the two-headed ogre's attack.
You slash the two-headed ogre!
The two-headed ogre is severely wounded.
You completely miss the necrophage.
The necrophage hits you but does no damage.
You block the two-headed ogre's attack.
The two-headed ogre hits you with a cursed -2 giant spiked club!
* * * LOW HITPOINT WARNING * * *
You slash the two-headed ogre!
The two-headed ogre is almost dead.
You closely miss the scorpion. You slash the necrophage!
The necrophage hits you but does no damage.
The scorpion closely misses you. You block the two-headed ogre's attack.
The two-headed ogre hits you with a cursed -2 giant spiked club!
You die...

#...............##
##.................##
##...................##
##.....................##
#.......................##
*
..........>..............##
*
..........................#
*
.........sn................
.........O@................
,
........###................
,.......##
##............... , .......
#............... , ,
....s.. #...............
,,.......,
*#.......###...... ,.......
........## #..... ,,,
,....... .........# ..... ,
,, .........# .....


You could see a two-headed ogre, a necrophage and a scorpion.

Vanquished Creatures
  Pikel (D:5)
  Grinder (D:4)
  3 hippogriffs
  A human (D:7)
  A hungry ghost (D:7)
  4 hogs (D:7)
  4 slaves (D:5)
  A black bear (D:7)
  2 orc warriors
  An ogre (D:4)
  3 centaurs
  2 scorpions
  A wyvern skeleton (D:7)
  8 wights
  A crimson imp (D:7)
  3 hounds
  A centaur skeleton (D:4)
  A jelly (D:5)
  4 orc priests
  7 orc wizards
  3 iguanas
  2 bullfrog skeletons
  3 worker ants
  A hound zombie (D:8)
  2 hound skeletons (D:4)
  A howler monkey skeleton (D:5)
  A worker ant zombie (D:7)
  2 adders
  2 shadow imps
  2 oozes
  An adder skeleton (D:8)
  An adder zombie (D:4)
  2 worms
  2 dart slugs (D:2)
  10 leopard geckos
  15 orcs
  5 bats
  6 giant cockroaches
  A goblin (D:1)
  5 hobgoblins
  9 jackals
  4 kobolds
  A quokka (D:4)
  A ball python (D:4)
  9 frilled lizards
  A giant cockroach zombie (D:5)
  A jackal zombie (D:7)
  A quokka zombie (D:7)
  2 rats
146 creatures vanquished.

Notes
Turn   | Place    | Note
-------+----------+-------------------------------------------
     0 | D:1      | Flugslaktarn the Deep Dwarf Fighter began the quest for the
                  | Orb.
     0 | D:1      | Reached XP level 1. HP: 20/20 MP: 1/1
    90 | D:1      | Reached XP level 2. HP: 24/27 MP: 2/2
   232 | D:2      | Reached skill level 3 in Axes
   232 | D:2      | Reached XP level 3. HP: 27/33 MP: 3/3
   306 | D:2      | Found a shattered altar of Ashenzari.
   491 | D:3      | Reached XP level 4. HP: 40/42 MP: 4/4
   599 | D:4      | Reached skill level 4 in Axes
   599 | D:4      | Reached XP level 5. HP: 30/49 MP: 5/5
   653 | D:4      | Reached XP level 6. HP: 22/56 MP: 5/5
   669 | D:4      | Reached skill level 5 in Axes
   792 | D:4      | Noticed Grinder
   815 | D:4      | Paralysed by Grinder for 2 turns
   839 | D:4      | Paralysed by Grinder for 7 turns
   854 | D:4      | Killed Grinder
   854 | D:4      | Reached skill level 5 in Armour
   854 | D:4      | Reached skill level 5 in Shields
   854 | D:4      | Reached XP level 7. HP: 40/64 MP: 4/4
   944 | D:4      | Reached skill level 6 in Axes
  1233 | D:5      | Entered Level 5 of the Dungeon
  1512 | D:5      | Reached XP level 8. HP: 60/73 MP: 3/3
  1595 | D:5      | Found a shimmering blue altar of Sif Muna.
  1704 | D:5      | Found a sparkling altar of Nemelex Xobeh.
  1733 | D:5      | Noticed Pikel
  1749 | D:5      | Killed Pikel
  1749 | D:5      | Reached skill level 5 in Fighting
  1749 | D:5      | Reached skill level 7 in Axes
  1909 | D:5      | Found a glowing drain.
  1919 | Sewer    | Entered a sewer
  2230 | D:6      | Reached skill level 8 in Axes
  2324 | D:6      | You fall into a shaft and drop 1 floor!
  2387 | D:7      | Found a sparkling altar of Nemelex Xobeh.
  2504 | D:7      | Gained mutation: You passively map the area around you.
                  | [Deep Dwarf growth]
  2504 | D:7      | Reached XP level 9. HP: 45/81 MP: 2/2
  2579 | D:7      | Found a staircase to the Ecumenical Temple.
  2586 | Temple   | Entered the Ecumenical Temple
  2658 | Temple   | Became a worshipper of Makhleb the Destroyer
  2819 | D:7      | Reached skill level 1 in Invocations
  2891 | D:7      | Reached skill level 9 in Axes
  3173 | D:7      | Found a stormy altar of Qazlal.
  3537 | D:8      | Found a glowing silver altar of Zin.
  3623 | D:8      | HP: 4/82 [electric eel/bolt of electricity (4)]
  3624 | D:8      | HP: 1/82 [electric eel/bolt of electricity (3)]
  3774 | D:8      | Found an ancient bone altar of Kikubaaqudgha.
  4163 | D:9      | Noticed a two-headed ogre
  4174 | D:9      | Reached skill level 10 in Axes
  4174 | D:9      | Reached XP level 10. HP: 31/92 MP: 1/1
  4176 | D:9      | HP: 4/92 [two-headed ogre/+0 giant club (10)]
  4177 | D:9      | Mangled by a two-headed ogre

Levels and vault maps discovered:
D:1:      doesnt_arrival_eight_statues, layout_basic, minmay_tetromino_t4
D:2:      layout_rooms, ashenzari_altar_1
D:3:      layout_loops_ring, first_ration, minmay_misc_feat_ornament
D:4:      layout_loops_cross, grunt_ministairs_2, hangedman_decor_riveting,
          uniq_grinder
D:5:      layout_basic, lemuel_crystal_altar, nemelex_xobeh_ov_fountains_minmay,
          gup_sewer_entry_pipe, uniq_pikel
D:6:      layout_basic, minitemple
D:7:      layout_gridville, nicolae_qazlal_eye_of_the_storm,
          minmay_temple_entry_arrows, grunt_livestock,
          nemelex_lonely_heart_becter
D:8:      layout_rooms, lemuel_coloured_pillars_altar, lemuel_round_altar,
          minmay_holes, hangedman_decor_clover_reticule,
          corexii_leaking_fountain, hangedman_abyss_or_decor_clamps,
          minivault_14, lemuel_flamethrower_1
D:9:      layout_big_octagon, serial_shops, shop
Temple:   dshaligram_water_room_temple

Skill      XL: |  1  2  3  4  5  6  7  8  9 |
---------------+----------------------------+-----
Axes           | 3 4 5 6 8 10 | 10.0
Fighting       | 3 4 5 6 |  6.4
Armour         | 4 5 6 7 |  7.6
Shields        | 4 5 6 7 |  7.6
Invocations    | 3 |  3.9

Action                   |  1- 3 |  4- 6 |  7- 9 | 10-12 || total
-------------------------+-------+-------+-------+-------++-------
Melee: War axe           |    99 |   123 |   429 |     3 ||   654
 Abil: Heal Wounds       |     1 |    11 |    20 |       ||    32
  Use: Scroll            |       |       |     5 |       ||     5
       Potion            |       |       |     2 |       ||     2
 Stab: Distracted        |       |     1 |       |       ||     1
  Eat: Chunk             |       |       |    15 |       ||    15
       Ration            |       |       |     3 |       ||     3
Armor: Scale mail        |    55 |    78 |    37 |       ||   170
       Chain mail        |       |       |    68 |       ||    68
       Plate armour      |       |       |   140 |     2 ||   142
Dodge: Dodged            |    49 |    36 |   120 |     1 ||   206
Block: Kite shield       |    63 |    64 |   265 |     4 ||   396

Table legend:
 A = Non-vault XP
 B = Vault XP
 C = Vault XP percentage of total XP
 D = Non-vault monster count
 E = Vault monster count
 F = Vault count percentage of total count
                 A         B        C        D         E       F
            +---------+---------+-------+---------+---------+-------
      Total |    3654 |    1994 |  35.3 |     117 |      25 |  17.6
            +---------+---------+-------+---------+---------+-------
        D:1 |      10 |       7 |  41.2 |       5 |       4 |  44.4
        D:2 |      53 |       0 |   0.0 |      19 |       0 |   0.0
        D:3 |      28 |       0 |   0.0 |      12 |       0 |   0.0
        D:4 |     754 |     325 |  30.1 |      31 |       3 |   8.8
        D:5 |     292 |     667 |  69.6 |      11 |      11 |  50.0
        D:6 |     415 |       0 |   0.0 |       7 |       0 |   0.0
        D:7 |    1112 |     987 |  47.0 |      15 |       5 |  25.0
        D:8 |     575 |       0 |   0.0 |      13 |       0 |   0.0
        D:9 |     415 |       0 |   0.0 |       4 |       0 |   0.0
      Sewer |       0 |       8 | 100.0 |       0 |       2 | 100.0
            +---------+---------+-------+---------+---------+-------
